[ PARTIDA AOE2 · #484137259 ]
1v1 RMLituanos vs Franks
Equipo del jugador · VICT
Equipo rival · DERR
[ ANÁLISIS DE REPETICIÓN · EXTRAÍDO DE LA PARTIDA GRABADA ]
Feudal
8:31
Castillos
19:46
Imperial
33:51
| APM promedio | 38.4 |
| APM pico | 79 |
| eAPM promedio | 16.3 |
| Aldeanos / militares | 126 / 81 |
Foco
⚔️ 26.2% · 🌾 73.8%
Knight ×65 · Monk ×5 · Scout Cavalry ×5 · Trebuchet (Packed) ×5 · Spearman ×1
Feudal
9:37
Castillos
19:16
Imperial
36:34
| APM promedio | 21.2 |
| APM pico | 44 |
| eAPM promedio | 14.0 |
| Aldeanos / militares | 145 / 41 |
Foco
⚔️ 20.5% · 🌾 79.5%
Knight ×25 · Spearman ×6 · Monk ×5 · Scout Cavalry ×3 · Trebuchet (Packed) ×2
Mapa de la partida
Recursos iniciales + cada clic de construcción. Líneas = muros · curvas = relieve. ◆ oro · ⬟ piedra · ● bayas · ✦ reliquia · ◌ hueco del cierre
Tu base· ✓ Cerrada en 19:46 · 18t muro · 1 puerta(s)
Base de fantASIA77· ✓ Cerrada en 19:16 · 33t muro · sin puerta
Terreno inicial suavizado · ◌ = hueco del cierre detectado · pasá el cursor para detalles
Inputs por minuto
— Coloradota - - fantASIA77
Build order — Coloradota
Primeras 150 de 341 acciones detectadas
| 0:00 | Crear | Villager (Male) |
| 0:01 | Crear | Villager (Male) |
| 0:01 | Crear | Villager (Male) |
| 0:02 | Construir | House |
| 0:03 | Construir | House |
| 0:21 | Crear | Villager (Male) |
| 0:21 | Crear | Villager (Male) |
| 0:28 | Crear | Villager (Male) |
| 0:28 | Crear | Villager (Male) |
| 1:28 | Crear | Villager (Male) |
| 2:21 | Crear | Villager (Male) |
| 2:22 | Crear | Villager (Male) |
| 2:42 | Construir | Lumber Camp |
| 3:34 | Construir | House |
| 3:51 | Crear | Villager (Male) |
| 3:51 | Crear | Villager (Male) |
| 3:51 | Crear | Villager (Male) |
| 3:52 | Crear | Villager (Male) |
| 4:37 | Crear | Villager (Male) |
| 4:41 | Investigar | Loom |
| 5:06 | Construir | Mill |
| 6:16 | Investigar | Feudal Age |
| 7:17 | Construir | House |
| 7:52 | Construir | Barracks |
| 8:24 | Crear | Villager (Male) |
| 8:24 | Crear | Villager (Male) |
| 8:31 | Edad | Edad Feudal |
| 9:08 | Construir | Stable |
| 9:11 | Crear | Villager (Male) |
| 9:36 | Investigar | Double-Bit Axe |
| 9:39 | Construir | House |
| 9:47 | Crear | Villager (Male) |
| 9:54 | Crear | Scout Cavalry |
| 9:55 | Crear | Scout Cavalry |
| 9:55 | Crear | Scout Cavalry |
| 10:01 | Crear | Spearman |
| 10:05 | Crear | Villager (Male) |
| 10:09 | Construir | Farm |
| 10:15 | Crear | Villager (Male) |
| 10:33 | Crear | Scout Cavalry |
| 10:41 | Construir | House |
| 10:43 | Crear | Villager (Male) |
| 10:57 | Construir | Farm |
| 11:00 | Construir | Farm |
| 11:12 | Construir | Farm |
| 11:14 | Construir | Farm |
| 11:17 | Construir | Farm |
| 11:19 | Crear | Villager (Male) |
| 11:34 | Crear | Scout Cavalry |
| 11:43 | Construir | Farm |
| 11:51 | Crear | Villager (Male) |
| 12:20 | Crear | Villager (Male) |
| 12:39 | Construir | Farm |
| 12:41 | Construir | Lumber Camp |
| 12:56 | Crear | Villager (Male) |
| 13:24 | Construir | House |
| 13:25 | Crear | Villager (Male) |
| 13:31 | Construir | Mining Camp |
| 13:34 | Construir | Palisade Wall |
| 13:45 | Crear | Villager (Male) |
| 13:53 | Construir | Farm |
| 13:57 | Construir | Blacksmith |
| 14:09 | Construir | Farm |
| 14:13 | Crear | Villager (Male) |
| 14:23 | Construir | House |
| 14:24 | Construir | Palisade Wall |
| 14:25 | Construir | Palisade Wall |
| 14:27 | Construir | Palisade Wall |
| 14:34 | Crear | Villager (Male) |
| 14:47 | Construir | House |
| 14:48 | Construir | Palisade Wall |
| 15:00 | Crear | Villager (Male) |
| 15:04 | Construir | Farm |
| 15:05 | Construir | Farm |
| 15:40 | Crear | Villager (Male) |
| 15:48 | Construir | Stable |
| 16:06 | Crear | Villager (Male) |
| 16:14 | Construir | Farm |
| 16:15 | Construir | Farm |
| 16:21 | Construir | Farm |
| 16:23 | Construir | Farm |
| 16:33 | Crear | Villager (Male) |
| 17:06 | Investigar | Castle Age |
| 17:25 | Construir | Farm |
| 17:26 | Construir | Farm |
| 17:41 | Construir | Market |
| 18:02 | Construir | House |
| 18:08 | Construir | House |
| 18:15 | Construir | Palisade Gate |
| 18:50 | Construir | House |
| 18:51 | Construir | House |
| 18:59 | Construir | House |
| 19:08 | Investigar | Scale Barding Armor |
| 19:10 | Investigar | Forging |
| 19:46 | Edad | Edad de los Castillos |
| 19:49 | Construir | Monastery |
| 19:50 | Crear | Villager (Male) |
| 19:51 | Crear | Villager (Male) |
| 19:51 | Crear | Villager (Male) |
| 20:04 | Investigar | Horse Collar |
| 20:08 | Crear | Knight |
| 20:08 | Crear | Knight |
| 20:08 | Crear | Knight |
| 20:09 | Crear | Villager (Male) |
| 20:13 | Construir | House |
| 20:29 | Crear | Monk |
| 20:40 | Investigar | Husbandry |
| 20:52 | Crear | Villager (Male) |
| 20:54 | Construir | House |
| 20:55 | Construir | Palisade Wall |
| 21:22 | Crear | Villager (Male) |
| 21:26 | Investigar | Gold Mining |
| 21:31 | Crear | Monk |
| 21:55 | Construir | Town Center |
| 22:14 | Crear | Villager (Male) |
| 22:16 | Crear | Villager (Male) |
| 22:47 | Investigar | Wheelbarrow |
| 22:56 | Crear | Knight |
| 22:57 | Crear | Knight |
| 22:59 | Investigar | Bloodlines |
| 23:14 | Crear | Villager (Male) |
| 23:19 | Construir | Lumber Camp |
| 23:41 | Crear | Villager (Male) |
| 23:41 | Crear | Villager (Male) |
| 24:04 | Crear | Villager (Male) |
| 24:05 | Crear | Villager (Male) |
| 24:08 | Investigar | Town Watch |
| 24:11 | Construir | Farm |
| 24:11 | Construir | Farm |
| 24:14 | Construir | Farm |
| 24:17 | Construir | Farm |
| 24:19 | Crear | Villager (Male) |
| 24:19 | Crear | Villager (Male) |
| 24:22 | Crear | Knight |
| 24:22 | Crear | Knight |
| 25:23 | Crear | Knight |
| 25:23 | Crear | Knight |
| 25:34 | Crear | Villager (Male) |
| 25:35 | Crear | Villager (Male) |
| 26:10 | Construir | Town Center |
| 26:13 | Crear | Villager (Male) |
| 26:13 | Crear | Villager (Male) |
| 26:14 | Crear | Villager (Male) |
| 26:14 | Crear | Villager (Male) |
| 26:22 | Construir | Farm |
| 26:28 | Crear | Knight |
| 26:28 | Crear | Knight |
| 26:29 | Crear | Knight |
| 26:49 | Crear | Villager (Male) |
| 26:53 | Construir | Farm |
Build order — fantASIA77
Primeras 150 de 325 acciones detectadas
| 0:00 | Crear | Villager (Male) |
| 0:01 | Crear | Villager (Male) |
| 0:01 | Crear | Villager (Male) |
| 0:02 | Construir | House |
| 0:04 | Construir | House |
| 0:11 | Crear | Villager (Male) |
| 1:28 | Crear | Villager (Male) |
| 1:47 | Construir | Lumber Camp |
| 2:05 | Crear | Villager (Male) |
| 2:19 | Crear | Villager (Male) |
| 3:15 | Crear | Villager (Male) |
| 3:15 | Crear | Villager (Male) |
| 4:11 | Crear | Villager (Male) |
| 4:12 | Crear | Villager (Male) |
| 4:12 | Crear | Villager (Male) |
| 4:14 | Construir | House |
| 4:27 | Crear | Villager (Male) |
| 4:27 | Crear | Villager (Male) |
| 4:51 | Construir | Mill |
| 5:05 | Crear | Villager (Male) |
| 6:08 | Crear | Villager (Male) |
| 6:53 | Crear | Villager (Male) |
| 7:27 | Investigar | Feudal Age |
| 8:12 | Crear | Villager (Male) |
| 8:12 | Crear | Villager (Male) |
| 8:16 | Construir | House |
| 8:24 | Crear | Villager (Male) |
| 8:51 | Construir | Barracks |
| 9:07 | Construir | Palisade Wall |
| 9:37 | Edad | Edad Feudal |
| 9:47 | Construir | Stable |
| 9:51 | Crear | Spearman |
| 9:55 | Investigar | Double-Bit Axe |
| 10:18 | Construir | Farm |
| 10:27 | Crear | Villager (Male) |
| 10:30 | Construir | Farm |
| 10:39 | Crear | Spearman |
| 10:43 | Crear | Villager (Male) |
| 10:52 | Construir | House |
| 11:01 | Investigar | Loom |
| 11:20 | Construir | Farm |
| 11:23 | Construir | Farm |
| 11:31 | Construir | Mining Camp |
| 11:43 | Construir | House |
| 11:46 | Crear | Villager (Male) |
| 11:51 | Crear | Spearman |
| 11:54 | Crear | Villager (Male) |
| 12:05 | Crear | Villager (Male) |
| 12:09 | Construir | Farm |
| 12:19 | Construir | Farm |
| 13:02 | Crear | Spearman |
| 13:06 | Construir | House |
| 13:09 | Construir | House |
| 13:16 | Crear | Villager (Male) |
| 13:22 | Crear | Villager (Male) |
| 13:30 | Crear | Villager (Male) |
| 13:35 | Construir | Farm |
| 13:40 | Construir | Farm |
| 14:10 | Construir | Palisade Wall |
| 14:14 | Crear | Villager (Male) |
| 14:14 | Crear | Villager (Male) |
| 14:19 | Construir | Farm |
| 14:24 | Construir | Farm |
| 14:27 | Construir | Farm |
| 14:31 | Crear | Villager (Male) |
| 14:38 | Construir | House |
| 14:40 | Construir | Palisade Wall |
| 14:42 | Crear | Villager (Male) |
| 14:49 | Crear | Villager (Male) |
| 15:35 | Construir | Blacksmith |
| 15:38 | Construir | Palisade Wall |
| 16:06 | Construir | Lumber Camp |
| 16:20 | Crear | Spearman |
| 16:31 | Investigar | Castle Age |
| 16:32 | Investigar | Castle Age |
| 16:42 | Crear | Villager (Male) |
| 16:50 | Construir | House |
| 17:01 | Construir | House |
| 17:22 | Construir | Market |
| 17:26 | Investigar | Scale Barding Armor |
| 17:39 | Construir | House |
| 17:52 | Construir | House |
| 18:00 | Construir | Palisade Wall |
| 18:08 | Crear | Villager (Male) |
| 18:12 | Construir | House |
| 18:16 | Crear | Villager (Male) |
| 18:55 | Crear | Villager (Male) |
| 19:01 | Construir | House |
| 19:16 | Edad | Edad de los Castillos |
| 19:21 | Construir | Town Center |
| 19:27 | Construir | Town Center |
| 19:37 | Investigar | Chain Barding Armor |
| 19:50 | Construir | House |
| 20:00 | Crear | Villager (Male) |
| 20:17 | Construir | House |
| 20:18 | Construir | House |
| 20:19 | Construir | House |
| 20:23 | Construir | House |
| 20:31 | Construir | Monastery |
| 20:35 | Crear | Knight |
| 20:45 | Construir | Palisade Gate |
| 21:05 | Crear | Villager (Male) |
| 21:08 | Construir | Farm |
| 21:08 | Construir | Farm |
| 21:08 | Construir | Farm |
| 21:09 | Construir | Farm |
| 21:21 | Construir | House |
| 21:23 | Crear | Monk |
| 21:47 | Construir | Stable |
| 21:48 | Crear | Villager (Male) |
| 21:54 | Construir | Farm |
| 21:54 | Construir | Farm |
| 21:54 | Construir | Farm |
| 21:55 | Construir | Farm |
| 22:12 | Crear | Monk |
| 22:23 | Crear | Scout Cavalry |
| 22:23 | Crear | Scout Cavalry |
| 22:31 | Crear | Villager (Male) |
| 22:31 | Crear | Villager (Male) |
| 22:44 | Construir | House |
| 23:21 | Crear | Villager (Male) |
| 23:21 | Crear | Villager (Male) |
| 23:21 | Crear | Villager (Male) |
| 23:24 | Crear | Scout Cavalry |
| 23:26 | Crear | Villager (Male) |
| 23:26 | Crear | Villager (Male) |
| 23:26 | Crear | Villager (Male) |
| 23:34 | Construir | Farm |
| 23:37 | Construir | Farm |
| 23:40 | Crear | Villager (Male) |
| 23:40 | Crear | Villager (Male) |
| 23:43 | Construir | House |
| 24:08 | Crear | Monk |
| 24:28 | Crear | Villager (Male) |
| 24:28 | Crear | Villager (Male) |
| 24:33 | Construir | Farm |
| 24:33 | Construir | Farm |
| 24:36 | Construir | House |
| 24:39 | Crear | Knight |
| 24:40 | Crear | Knight |
| 24:40 | Crear | Villager (Male) |
| 24:41 | Crear | Villager (Male) |
| 24:41 | Crear | Villager (Male) |
| 25:02 | Crear | Knight |
| 25:03 | Crear | Knight |
| 25:03 | Crear | Knight |
| 25:16 | Construir | House |
| 25:20 | Construir | House |
| 25:31 | Investigar | Forging |
| 25:43 | Crear | Spearman |
Cronología de la partida
| 7:52 | Coloradota · first_building Barracks |
| 8:31 | Coloradota · age_up feudal |
| 8:51 | fantASIA77 · first_building Barracks |
| 9:07 | fantASIA77 · wall_segment Palisade Wall x11 |
| 9:08 | Coloradota · first_building Stable |
| 9:37 | fantASIA77 · age_up feudal |
| 9:47 | fantASIA77 · first_building Stable |
| 13:34 | Coloradota · wall_segment Palisade Wall x1 |
| 14:10 | fantASIA77 · wall_segment Palisade Wall x8 |
| 14:24 | Coloradota · wall_segment Palisade Wall x1 |
| 14:25 | Coloradota · wall_segment Palisade Wall x1 |
| 14:27 | Coloradota · wall_segment Palisade Wall x10 |
| 14:40 | fantASIA77 · wall_segment Palisade Wall x2 |
| 14:48 | Coloradota · wall_segment Palisade Wall x5 |
| 15:38 | fantASIA77 · wall_segment Palisade Wall x5 |
| 18:00 | fantASIA77 · wall_segment Palisade Wall x7 |
| 19:16 | fantASIA77 · age_up castle |
| 19:46 | Coloradota · age_up castle |
| 19:49 | Coloradota · first_building Monastery |
| 20:25 | Coloradota · first_market_sell 100 food |
| 20:31 | fantASIA77 · first_building Monastery |
| 20:55 | Coloradota · wall_segment Palisade Wall x1 |
| 28:57 | Coloradota · first_market_buy 100 wood |
| 29:37 | fantASIA77 · wall_segment Palisade Wall x1 |
| 30:16 | fantASIA77 · first_building Castle |
| 33:51 | Coloradota · age_up imperial |
| 34:34 | fantASIA77 · first_market_sell 100 stone |
| 36:06 | Coloradota · first_building Castle |
| 36:34 | fantASIA77 · age_up imperial |
| 40:00 | fantASIA77 · resign |
[ ANÁLISIS IA · 1 CRÉDITO ]
¿Qué pasó realmente en esta partida?
Wolo.gg analiza cada decisión: build order, eco, micro, errores típicos por bracket. Análisis personalizado por WhatsApp o Discord en 30 segundos.
Guía civ
Lituanos
Guía mapa
Arabia
Perfil
Jugador #823012